 Dungeon Crawl Stone Soup version 0.28-a0-1184-g53156a8862 (webtiles) character file.

Game seed: 14483271198342011863

23 ytrimaz the Insei (level 3, -1/23 HPs)
             Began as an Octopode Transmuter on Dec 18, 2021.
             Slain by a quokka (3 damage)
             ... on level 1 of the Dungeon.
             The game lasted 00:00:56 (885 turns).

ytrimaz the Insei (Octopode Transmuter)              Turns: 885, Time: 00:00:56

Health: -1/23      AC:  1    Str:  9    XL:     3   Next: 0%
Magic:  4/6        EV: 13    Int: 17    God:
Gold:   10         SH:  0    Dex: 12    Spells: 3/6 levels left

rFire   . . .      SeeInvis .     - Unarmed
rCold   . . .      Faith    .   (no shield)
rNeg    . . .      Spirit   .   (helmet restricted)
rPois   .          Reflect  .   (no amulet)
rElec   .          Harm     .   (no ring)
rCorr   .          Rampage  .   (no ring)
Will    .....                   (no ring)
Stlth   ++........              (no ring)
HPRegen 0.07/turn               (no ring)
MPRegen 0.10/turn               (no ring)
                                (no ring)
                                (no ring)

@: wereblooded
A: almost no armour, amphibious, 8 rings, camouflage 1, gelatinous body 1,
(nimble swimmer 1), tentacles
a: no special abilities


You were on level 1 of the Dungeon.
You visited 1 branch of the dungeon, and saw 1 of its levels.

You collected 10 gold pieces.

Inventory:

Potions
 a - a potion of flight {unknown}
 b - 3 potions of curing


   Skills:
 * Level 1.3 Fighting
 * Level 2.2 Dodging
 + Level 3.2 Unarmed Combat
 * Level 2.3 Spellcasting
 * Level 2.3 Transmutations


You had 3 spell levels left.
You knew the following spells:

 Your Spells              Type           Power      Damage    Failure   Level
a - Beastly Appendage     Tmut           20%        N/A       7%          1
b - Wereblood             Tmut           10%        N/A       11%         2

Your spell library contained the following spells:

 Spells                   Type           Power      Damage    Failure   Level
 Ensorcelled Hibernation  Hex/Ice        2%         N/A       28%         2
 Spider Form              Tmut/Pois      6%         N/A       34%         3
 Tukima's Dance           Hex            1%         N/A       50%         3
 Ice Form                 Ice/Tmut       6%         N/A       75%         4


Dungeon Overview and Level Annotations

Branches:
Dungeon (1/15)

Altars:


Innate Abilities, Weirdness & Mutations

You cannot wear most types of armour.
You are amphibious.
You can wear up to eight rings at the same time.
Your skin changes colour to match your surroundings (Stealth+).
Your rubbery body absorbs attacks. (AC +1, EV +1)
((You are camouflaged near water. (Stealth+)))
You have tentacles for arms and can constrict up to eight enemies at once.


Message History

Your tentacle spike disappears.
You constrict the dart slug, but do no damage.
The bat hits you but does no damage. The bat hits you.
* * * LOW HITPOINT WARNING * * *
Unknown command.
You tentacle-slap the dart slug.
You feel a bit better.
You kill the dart slug!
The bat misses you. The bat completely misses you.
Unknown command.
You miss the bat. You grab the bat.
The bat is severely wounded.
You howl as the wereblood boils in your veins!
You constrict the bat.
You feel a bit better.
You kill the bat!
You have reached level 3!
Your experience leads to an increase in your attributes!
Increase (S)trength, (I)ntelligence, or (D)exterity?
You feel clever. x2
There is an open door here.
Things that are here:
a dart slug corpse; a rat corpse
Found a scroll labelled YPNOUHO GUEDIPN.
The quokka bites you. The quokka misses you. The quokka closely misses you.
The quokka barely misses you.
You closely miss the quokka. Your grab misses the quokka.
The quokka closely misses you.
You barely miss the quokka. Your grab misses the quokka.
Your squeeze misses the quokka.
You howl as the wereblood boils in your veins!
The quokka bites you.
* * * LOW HITPOINT WARNING * * *
You tentacle-slap the quokka but do no damage.
Your grab misses the quokka. Your squeeze misses the quokka.
The quokka bites you.
* * * LOW HITPOINT WARNING * * *
Unknown command.
You hear a shout!
The quokka bites you.
You die...

#.#...###......).#
# ##..#######.##.#
#..........##.#
#.###########.#
##†## #.# ##...##
#.## ##.....##
#... ##.......##
## ###.
#..@r.....#
##...##.
+.........+
........
#.........#
##...##.
##.......## ##. #.
##.....## # #.
##...## .. #+#? .#
.# .. # .#


You could see a quokka.

Vanquished Creatures
  A dart slug (D:1)
  4 bats (D:1)
  2 endoplasms (D:1)
  A giant cockroach (D:1)
  A goblin (D:1)
  A quokka (D:1)
  3 ball pythons (D:1)
  3 frilled lizards (D:1)
  5 kobolds (D:1)
  A rat (D:1)
22 creatures vanquished.

Notes
Turn   | Place    | Note
-------+----------+-------------------------------------------
     0 | D:1      | ytrimaz the Octopode Transmuter began the quest for the
                  | Orb.
     0 | D:1      | Reached XP level 1. HP: 13/13 MP: 3/3
   322 | D:1      | Reached XP level 2. HP: 17/18 MP: 1/5
   329 | D:1      | Learned a level 2 spell: Wereblood
   876 | D:1      | Reached XP level 3. HP: 11/23 MP: 3/6
   884 | D:1      | HP: 1/23 [quokka (5)]
   885 | D:1      | Slain by a quokka

Illustrated notes

Levels and vault maps discovered:
D:1:      saegor_arrival_simple_e, layout_loops_corners, nrook_campfire

Action                   || total
-------------------------++-------
Melee: Unarmed           ||    54
       Kick              ||     9
       Constrict         ||    14
       Tentacles         ||     4
       Punch             ||     1
 Cast: Beastly Appendage ||    15
       Wereblood         ||     2
  Use: Scroll            ||     4
       Potion            ||     1
 Stab: Sleeping          ||     5
Armor: Skin              ||    10
Dodge: Dodged            ||    53

Table legend: (Time is in decaauts)
 A = Elapsed time spent in this place.
 B = Non-inter-level travel time spent in this place.
 C = Inter-level travel time spent in this place.
 D = Time resting spent in this place.
 E = Time spent auto-exploring this place.
 F = Levels seen in this place.
 G = Mean time per level.
                   A        B        C        D        E       F      G
               +--------+--------+--------+--------+--------+-----+--------+
         Total |    881 |    881 |      0 |      0 |    697 |   1 |  881.0 |
       Dungeon |    881 |    881 |      0 |      0 |    697 |   1 |  881.0 |
               +--------+--------+--------+--------+--------+-----+--------+

Top non-repeatable levels by time:
     D:1: 881 daAuts
